 Dungeon Crawl Stone Soup version 0.29.0-4-gdea44cf6ec (webtiles) character file.

Game seed: 8705934443587360365

725 qw the Chopper (level 7, -9/59 HPs)
             Began as a Ghoul Summoner on Sept 9, 2022.
             Mangled by a mummy (16 damage)
             ... in an ossuary.
             The game lasted 00:02:19 (6404 turns).

qw the Chopper (Ghoul Summoner)                     Turns: 6404, Time: 00:02:20

Health: -9/59      AC:  8    Str: 14    XL:     7   Next: 71%
Magic:  8/8        EV:  6    Int: 10    God:
Gold:   216        SH:  5    Dex: 15    Spells: 8/9 levels left

rFire   . . .      SeeInvis .   Y - +0 war axe (venom)
rCold   + . .      Faith    .   (no shield)
rNeg    + + +      Spirit   .   f - +0 chain mail
rPois   inf        Reflect  +   (no helmet)
rElec   .          Harm     .   (no cloak)
rCorr   .          Rampage  .   (no gloves)
Will    .....                   (no boots)
Stlth   ..........              j - amulet of reflection
HPRegen 0.00/turn               a - +6 ring of dexterity
MPRegen 0.11/turn               (no ring)

@: inhibited regen
A: claws 1, cold resistance 1, negative energy resistance 3, inhibited
regeneration, torment resistance 2, devour on kill
a: no special abilities


You were in an ossuary.
You visited 1 branch of the dungeon, and saw 4 of its levels.
You also visited: Ossuary.

You collected 216 gold pieces.


Innate Abilities, Weirdness & Mutations

You are immune to poison.
You have sharp fingernails.
Your flesh is cold resistant. (rC+)
You are immune to negative energy. (rN+++)
You do not regenerate when monsters are visible.
You are immune to unholy pain and torment.
You thrive by killing the living.


   Skills:
 - Level 4.0 Fighting
 + Level 6.0 Axes
 - Level 2.2 Armour
 - Level 1.7 Dodging
 - Level 2.1 Stealth
 - Level 1.7 Spellcasting
 - Level 3.6 Summonings


You had 8 spell levels left.
You knew the following spells:

 Your Spells              Type           Power      Damage    Failure   Level
a - Summon Small Mammal   Summ           32%        N/A       88%         1

Your spell library contained the following spells:

 Spells                   Type           Power      Damage    Failure   Level
 Call Imp                 Summ           8%         N/A       96%         2
 Call Canine Familiar     Summ           8%         N/A       99%         3
 Summon Guardian Golem    Hex/Summ       4%         N/A       100%        3
 Summon Lightning Spire   Summ/Air       4%         N/A       100%        4

Inventory:

Hand Weapons
 n - a +0 mace
 Y - a +0 war axe of venom (weapon)
Armour
 f - a +0 chain mail (worn)
Jewellery
 a - a +6 ring of dexterity (left claw)
 j - an amulet of reflection (around neck)
Scrolls
 e - a scroll of enchant armour
 g - a scroll of identify
Potions
 b - a potion of might {unknown}
 h - 2 potions of resistance
 k - a potion of lignification {unknown}

Dungeon Overview and Level Annotations

Branches:
Dungeon (4/15)            Ossuary (1/1)
 Temple: D:4-7

Altars:
Hepliaklqana

Annotations:
D:4 3 runed translucent doors


Message History

The human zombie is severely damaged.
The human zombie hits you but does no damage.
You slash the human zombie!
The human zombie is severely damaged.
The human zombie hits you but does no damage.
You hit the human zombie.
The human zombie is almost destroyed.
The human zombie hits you.
You slash the human zombie!
You destroy the human zombie!
You start resting.
Something unseen opens the door.
You sense a monster nearby.
A centaur zombie comes into view.
You slash the centaur zombie!
The centaur zombie is moderately damaged.
The centaur zombie hits you.
The centaur zombie kicks you but does no damage.
You slash the centaur zombie!
The centaur zombie is severely damaged.
You block the centaur zombie's attack.
The centaur zombie kicks you but does no damage.
The centaur zombie hits you but does no damage.
The centaur zombie kicks you but does no damage.
You slash the centaur zombie!
The centaur zombie is almost destroyed.
You block the centaur zombie's attack.
The centaur zombie kicks you but does no damage.
You hit the centaur zombie.
You destroy the centaur zombie!
Your Armour skill increases to level 2!
You hit the mummy.
The mummy is lightly damaged.
You slash the mummy!
The mummy is moderately damaged.
You block the mummy's attack.
You slash the mummy!
The mummy is almost destroyed.
The mummy hits you!
You die...

##############8...8##
# #.!?#...#.......#
#. +..?#...'...8...#
#.. #.!M#...#...#...#
##'#######'##########
#.....#.....#
#.....#.....#
#.....8.....#
#....M@.....#
#.....%.....#
###8.....8###
...........
#...........#
#.....8.....#
#.....#.....+ #.....
.....#


You could see a mummy.

Vanquished Creatures
  4 scorpions
  4 human zombies (Ossuary)
  4 centaur zombies (Ossuary)
  2 jellies (D:4)
  An orc wizard (D:4)
  4 adders
  A worm (D:2)
  5 dart slugs
  3 orcs (D:4)
  3 ball pythons
  6 endoplasms
  A giant cockroach (D:4)
  6 goblins
  7 hobgoblins
  8 jackals
  A quokka (D:1)
  4 bats
  A frilled lizard (D:2)
  A gnoll zombie (Ossuary)
  A goblin zombie (Ossuary)
  A hobgoblin zombie (Ossuary)
  7 kobolds
  An orc zombie (Ossuary)
  6 rats
82 creatures vanquished.

Vanquished Creatures (collateral kills)
  An adder (D:2)
  A worm (D:2)
  4 ball pythons
  4 bats
  2 endoplasms (D:2)
  A goblin (D:1)
  2 kobolds
  A quokka (D:1)
  2 frilled lizards
  2 rats (D:1)
20 creatures vanquished.

Grand Total: 102 creatures vanquished

Notes
Turn   | Place    | Note
-------+----------+-------------------------------------------
     0 | D:1      | qw the Ghoul Summoner began the quest for the Orb.
     0 | D:1      | Reached XP level 1. HP: 14/14 MP: 2/2
     0 | D:1      | 0 ||| qw: Version: 0.1-a-113-g051387a
     0 | D:1      | 0 ||| qw: Game counter: 7075
     0 | D:1      | 0 ||| qw: Always use a shield: true
     0 | D:1      | 0 ||| qw: God list: Okawaru
     0 | D:1      | 0 ||| qw: Allow faded altars: false
     0 | D:1      | 0 ||| qw: Do Orc after D:15 true
     0 | D:1      | 0 ||| qw: Do second Lair branch before Depths: true
     0 | D:1      | 0 ||| qw: Lair rune preference: random
     0 | D:1      | 0 ||| qw: Plans: Normal
     0 | D:1      | 0 ||| PLANNING D:1-11
    29 | D:1      | 29 ||| CASTING Summon Small Mammal
    30 | D:1      | 30 ||| CASTING Summon Small Mammal
    64 | D:1      | 64 ||| Wielding weapon +0 dagger.
    94 | D:1      | 94 ||| CASTING Summon Small Mammal
    95 | D:1      | 95 ||| CASTING Summon Small Mammal
   107 | D:1      | 107 ||| CASTING Summon Small Mammal
   152 | D:1      | 152 ||| SWAPPING to +0 mace.
   153 | D:1      | 153 ||| DROPPING +0 dagger.
   157 | D:1      | 157 ||| CASTING Summon Small Mammal
   158 | D:1      | 158 ||| CASTING Summon Small Mammal
   199 | D:1      | 199 ||| CASTING Summon Small Mammal
   200 | D:1      | 200 ||| CASTING Summon Small Mammal
   204 | D:1      | Reached skill level 1 in Axes
   271 | D:1      | 271 ||| CASTING Summon Small Mammal
   272 | D:1      | 272 ||| CASTING Summon Small Mammal
   297 | D:1      | 297 ||| CASTING Summon Small Mammal
   298 | D:1      | 298 ||| CASTING Summon Small Mammal
   412 | D:1      | 412 ||| Stepping ~*~*~tactically~*~*~ (hiding).
   413 | D:1      | 413 ||| Stepping ~*~*~tactically~*~*~ (hiding).
   417 | D:1      | 417 ||| CASTING Summon Small Mammal
   418 | D:1      | 418 ||| CASTING Summon Small Mammal
   422 | D:1      | Reached skill level 1 in Fighting
   422 | D:1      | Reached XP level 2. HP: 23/23 MP: 0/3
   469 | D:1      | 469 ||| CASTING Summon Small Mammal
   470 | D:1      | 470 ||| CASTING Summon Small Mammal
   471 | D:1      | 471 ||| CASTING Summon Small Mammal
   525 | D:1      | 525 ||| CASTING Summon Small Mammal
   526 | D:1      | 526 ||| CASTING Summon Small Mammal
   527 | D:1      | 527 ||| CASTING Summon Small Mammal
   583 | D:1      | 583 ||| CASTING Summon Small Mammal
   584 | D:1      | 584 ||| CASTING Summon Small Mammal
   585 | D:1      | 585 ||| CASTING Summon Small Mammal
   595 | D:1      | 595 ||| CASTING Summon Small Mammal
   604 | D:1      | 604 ||| CASTING Summon Small Mammal
   789 | D:1      | 789 ||| CASTING Summon Small Mammal
   790 | D:1      | 790 ||| CASTING Summon Small Mammal
   791 | D:1      | 791 ||| CASTING Summon Small Mammal
   800 | D:1      | 800 ||| CASTING Summon Small Mammal
   809 | D:1      | 809 ||| CASTING Summon Small Mammal
   814 | D:1      | HP: 5/23 [jackal (3)]
  1069 | D:1      | 1069 ||| CASTING Summon Small Mammal
  1070 | D:1      | 1070 ||| CASTING Summon Small Mammal
  1071 | D:1      | 1071 ||| CASTING Summon Small Mammal
  1126 | D:1      | 1126 ||| CASTING Summon Small Mammal
  1127 | D:1      | 1127 ||| CASTING Summon Small Mammal
  1128 | D:1      | 1128 ||| CASTING Summon Small Mammal
  1199 | D:1      | 1199 ||| CASTING Summon Small Mammal
  1200 | D:1      | 1200 ||| CASTING Summon Small Mammal
  1201 | D:1      | 1201 ||| CASTING Summon Small Mammal
  1206 | D:1      | Reached XP level 3. HP: 28/28 MP: 0/4
  1290 | D:1      | 1290 ||| Stepping ~*~*~tactically~*~*~ (hiding).
  1392 | D:1      | 1392 ||| Stepping ~*~*~tactically~*~*~ (hiding).
  1494 | D:1      | 1494 ||| Stepping ~*~*~tactically~*~*~ (hiding).
  1596 | D:1      | 1596 ||| Stepping ~*~*~tactically~*~*~ (hiding).
  1598 | D:1      | 1598 ||| CASTING Summon Small Mammal
  1599 | D:1      | 1599 ||| CASTING Summon Small Mammal
  1600 | D:1      | 1600 ||| CASTING Summon Small Mammal
  1602 | D:1      | 1602 ||| CASTING Summon Small Mammal
  1607 | D:1      | Reached skill level 2 in Axes
  1650 | D:1      | 1650 ||| Stepping ~*~*~tactically~*~*~ (hiding).
  1752 | D:1      | 1752 ||| Stepping ~*~*~tactically~*~*~ (hiding).
  1855 | D:1      | 1855 ||| CASTING Summon Small Mammal
  1856 | D:1      | 1856 ||| CASTING Summon Small Mammal
  1857 | D:1      | 1857 ||| CASTING Summon Small Mammal
  1858 | D:1      | 1858 ||| CASTING Summon Small Mammal
  1900 | D:1      | 1900 ||| CASTING Summon Small Mammal
  1901 | D:1      | 1901 ||| CASTING Summon Small Mammal
  1902 | D:1      | 1902 ||| CASTING Summon Small Mammal
  1903 | D:1      | 1903 ||| CASTING Summon Small Mammal
  2161 | D:1      | 2161 ||| CASTING Summon Small Mammal
  2162 | D:1      | 2162 ||| CASTING Summon Small Mammal
  2163 | D:1      | 2163 ||| CASTING Summon Small Mammal
  2164 | D:1      | 2164 ||| CASTING Summon Small Mammal
  2295 | D:1      | 2295 ||| CASTING Summon Small Mammal
  2296 | D:1      | 2296 ||| CASTING Summon Small Mammal
  2297 | D:1      | 2297 ||| CASTING Summon Small Mammal
  2298 | D:1      | 2298 ||| CASTING Summon Small Mammal
  2486 | D:1      | 2486 ||| CASTING Summon Small Mammal
  2487 | D:1      | 2487 ||| CASTING Summon Small Mammal
  2488 | D:1      | 2488 ||| CASTING Summon Small Mammal
  2489 | D:1      | 2489 ||| CASTING Summon Small Mammal
  2532 | D:1      | 2532 ||| CASTING Summon Small Mammal
  2533 | D:1      | 2533 ||| CASTING Summon Small Mammal
  2534 | D:1      | 2534 ||| CASTING Summon Small Mammal
  2535 | D:1      | 2535 ||| CASTING Summon Small Mammal
  2578 | D:1      | 2578 ||| CASTING Summon Small Mammal
  2579 | D:1      | 2579 ||| CASTING Summon Small Mammal
  2580 | D:1      | 2580 ||| CASTING Summon Small Mammal
  2615 | D:1      | 2615 ||| CASTING Summon Small Mammal
  2616 | D:1      | 2616 ||| CASTING Summon Small Mammal
  2617 | D:1      | 2617 ||| CASTING Summon Small Mammal
  2618 | D:1      | 2618 ||| CASTING Summon Small Mammal
  2747 | D:1      | 2747 ||| DROPPING amulet of faith.
  2748 | D:1      | 2748 ||| UPGRADING to amulet of guardian spirit.
  2753 | D:1      | 2753 ||| READING scroll labelled ULEREA VOCHORGH.
  2754 | D:1      | 2754 ||| READING 2 scrolls labelled LEXKAFFA ASYI.
  2755 | D:1      | 2755 ||| READING scroll labelled ZUFE CYTOOJY.
  2756 | D:1      | 2756 ||| READING 3 scrolls labelled RIAS UZEC ONLA.
  2757 | D:1      | 2757 ||| READING scroll labelled NAUROU UKHLO.
  2758 | D:1      | 2758 ||| READING 2 scrolls of identify.
  2758 | D:1      | 2758 ||| IDENTIFYING smoky white potion
  2759 | D:1      | 2759 ||| DROPPING potion of magic.
  2760 | D:1      | 2760 ||| DROPPING scroll of vulnerability.
  2892 | D:2      | 2892 ||| CASTING Summon Small Mammal
  2893 | D:2      | 2893 ||| CASTING Summon Small Mammal
  2894 | D:2      | 2894 ||| CASTING Summon Small Mammal
  2895 | D:2      | 2895 ||| CASTING Summon Small Mammal
  2953 | D:2      | 2953 ||| CASTING Summon Small Mammal
  2954 | D:2      | 2954 ||| CASTING Summon Small Mammal
  2955 | D:2      | 2955 ||| CASTING Summon Small Mammal
  2956 | D:2      | 2956 ||| CASTING Summon Small Mammal
  3059 | D:2      | 3059 ||| CASTING Summon Small Mammal
  3060 | D:2      | 3060 ||| CASTING Summon Small Mammal
  3061 | D:2      | 3061 ||| CASTING Summon Small Mammal
  3062 | D:2      | 3062 ||| CASTING Summon Small Mammal
  3070 | D:2      | 3070 ||| CASTING Summon Small Mammal
  3302 | D:2      | 3302 ||| CASTING Summon Small Mammal
  3303 | D:2      | 3303 ||| CASTING Summon Small Mammal
  3304 | D:2      | 3304 ||| CASTING Summon Small Mammal
  3305 | D:2      | 3305 ||| CASTING Summon Small Mammal
  3313 | D:2      | 3313 ||| CASTING Summon Small Mammal
  3483 | D:2      | Found a hazy altar of Hepliaklqana.
  3484 | D:2      | 3484 ||| CASTING Summon Small Mammal
  3485 | D:2      | 3485 ||| CASTING Summon Small Mammal
  3486 | D:2      | 3486 ||| CASTING Summon Small Mammal
  3487 | D:2      | 3487 ||| CASTING Summon Small Mammal
  3495 | D:2      | 3495 ||| CASTING Summon Small Mammal
  3599 | D:2      | 3599 ||| CASTING Summon Small Mammal
  3600 | D:2      | 3600 ||| CASTING Summon Small Mammal
  3601 | D:2      | 3601 ||| CASTING Summon Small Mammal
  3602 | D:2      | 3602 ||| CASTING Summon Small Mammal
  3608 | D:2      | 3608 ||| CASTING Summon Small Mammal
  3700 | D:2      | 3700 ||| SWAPPING to +0 war axe.
  3726 | D:2      | 3726 ||| CASTING Summon Small Mammal
  3739 | D:2      | 3739 ||| CASTING Summon Small Mammal
  3740 | D:2      | 3740 ||| CASTING Summon Small Mammal
  3741 | D:2      | 3741 ||| CASTING Summon Small Mammal
  3742 | D:2      | 3742 ||| CASTING Summon Small Mammal
  3793 | D:2      | 3793 ||| CASTING Summon Small Mammal
  3794 | D:2      | 3794 ||| CASTING Summon Small Mammal
  3795 | D:2      | 3795 ||| CASTING Summon Small Mammal
  3796 | D:2      | 3796 ||| CASTING Summon Small Mammal
  3798 | D:2      | 3798 ||| Stepping ~*~*~tactically~*~*~ (stealth).
  3804 | D:2      | 3804 ||| CASTING Summon Small Mammal
  3849 | D:2      | 3849 ||| CASTING Summon Small Mammal
  3851 | D:2      | 3851 ||| Stepping ~*~*~tactically~*~*~ (stealth).
  3854 | D:2      | 3854 ||| CASTING Summon Small Mammal
  3855 | D:2      | 3855 ||| CASTING Summon Small Mammal
  3856 | D:2      | 3856 ||| CASTING Summon Small Mammal
  3861 | D:2      | Reached XP level 4. HP: 36/36 MP: 1/5
  3870 | D:2      | 3870 ||| CASTING Summon Small Mammal
  3957 | D:2      | 3957 ||| CASTING Summon Small Mammal
  3958 | D:2      | 3958 ||| CASTING Summon Small Mammal
  3959 | D:2      | 3959 ||| CASTING Summon Small Mammal
  3960 | D:2      | 3960 ||| CASTING Summon Small Mammal
  3961 | D:2      | 3961 ||| CASTING Summon Small Mammal
  4030 | D:2      | 4030 ||| CASTING Summon Small Mammal
  4031 | D:2      | 4031 ||| CASTING Summon Small Mammal
  4032 | D:2      | 4032 ||| CASTING Summon Small Mammal
  4033 | D:2      | 4033 ||| CASTING Summon Small Mammal
  4034 | D:2      | 4034 ||| CASTING Summon Small Mammal
  4114 | D:2      | 4114 ||| CASTING Summon Small Mammal
  4115 | D:2      | 4115 ||| CASTING Summon Small Mammal
  4116 | D:2      | 4116 ||| CASTING Summon Small Mammal
  4117 | D:2      | 4117 ||| CASTING Summon Small Mammal
  4118 | D:2      | 4118 ||| CASTING Summon Small Mammal
  4214 | D:2      | 4214 ||| CASTING Summon Small Mammal
  4215 | D:2      | 4215 ||| CASTING Summon Small Mammal
  4216 | D:2      | 4216 ||| CASTING Summon Small Mammal
  4217 | D:2      | 4217 ||| CASTING Summon Small Mammal
  4218 | D:2      | 4218 ||| CASTING Summon Small Mammal
  4430 | D:2      | 4430 ||| CASTING Summon Small Mammal
  4432 | D:2      | 4432 ||| CASTING Summon Small Mammal
  4433 | D:2      | 4433 ||| CASTING Summon Small Mammal
  4434 | D:2      | 4434 ||| CASTING Summon Small Mammal
  4435 | D:2      | 4435 ||| CASTING Summon Small Mammal
  4442 | D:2      | Reached skill level 3 in Axes
  4557 | D:2      | 4557 ||| Stepping ~*~*~tactically~*~*~ (stealth).
  4558 | D:2      | 4558 ||| CASTING Summon Small Mammal
  4715 | D:2      | 4715 ||| CASTING Summon Small Mammal
  4716 | D:2      | 4716 ||| CASTING Summon Small Mammal
  4717 | D:2      | 4717 ||| CASTING Summon Small Mammal
  4718 | D:2      | 4718 ||| CASTING Summon Small Mammal
  4737 | D:2      | 4737 ||| Stepping ~*~*~tactically~*~*~ (stealth).
  4741 | D:2      | 4741 ||| CASTING Summon Small Mammal
  4742 | D:2      | 4742 ||| CASTING Summon Small Mammal
  4748 | D:2      | 4748 ||| CASTING Summon Small Mammal
  4997 | D:2      | 4997 ||| UPGRADING to +3 leather armour of cold resistance.
  5007 | D:2      | 5007 ||| DROPPING +0 robe.
  5008 | D:2      | 5008 ||| UPGRADING to +0 chain mail.
  5018 | D:2      | 5018 ||| DROPPING +3 leather armour of cold resistance.
  5019 | D:2      | 5019 ||| UPGRADING to amulet of reflection.
  5029 | D:2      | 5029 ||| DROPPING amulet of guardian spirit.
  5030 | D:2      | 5030 ||| READING scroll labelled SEKKISSIFOTI.
  5031 | D:2      | 5031 ||| DRINKING 2 lumpy puce potions.
  5032 | D:2      | 5032 ||| DRINKING 2 yellow potions.
  5033 | D:2      | 5033 ||| READING 2 scrolls of identify.
  5033 | D:2      | 5033 ||| IDENTIFYING silvery potion
  5034 | D:2      | 5034 ||| DROPPING potion of flight.
  5035 | D:2      | 5035 ||| DROPPING potion of attraction.
  5076 | D:3      | Reached XP level 5. HP: 41/41 MP: 6/6
  5103 | D:3      | 5103 ||| Stepping ~*~*~tactically~*~*~ (stealth).
  5190 | D:3      | Reached skill level 1 in Armour
  5415 | D:3      | 5415 ||| Stepping ~*~*~tactically~*~*~ (stealth).
  5427 | D:3      | Found a faded altar of an unknown god.
  5525 | D:3      | 5525 ||| UPGRADING to +6 ring of dexterity.
  5526 | D:3      | 5526 ||| READING scroll labelled GAAFIG ZOPT.
  5553 | D:4      | Found a runed translucent gate.
  5553 | D:4      | Found a runed translucent gate.
  5553 | D:4      | Found a runed translucent gate.
  5554 | D:4      | 5554 ||| PLANNING OSSUARY
  5708 | D:4      | 5708 ||| Stepping ~*~*~tactically~*~*~ (stealth).
  5715 | D:4      | Reached skill level 4 in Axes
  5720 | D:4      | Reached skill level 3 in Fighting
  5720 | D:4      | Reached XP level 6. HP: 49/51 MP: 7/7
  5756 | D:4      | 5756 ||| Stepping ~*~*~tactically~*~*~ (hiding).
  5762 | D:4      | 5762 ||| DRINKING 2 potions of curing.
  5762 | D:4      | 5762 ||| (to cure confusion)
  5763 | D:4      | 5763 ||| DRINKING potion of curing.
  5763 | D:4      | 5763 ||| (to cure confusion)
  5768 | D:4      | 5768 ||| Stepping ~*~*~tactically~*~*~ (stealth).
  5798 | D:4      | 5798 ||| Stepping ~*~*~tactically~*~*~ (stealth).
  5803 | D:4      | 5803 ||| Stepping ~*~*~tactically~*~*~ (hiding).
  5926 | D:4      | Found a sand-covered staircase.
  5935 | Ossuary  | Entered an ossuary
  6058 | Ossuary  | Reached skill level 5 in Axes
  6225 | Ossuary  | Reached XP level 7. HP: 53/59 MP: 8/8
  6375 | Ossuary  | Reached skill level 6 in Axes
  6377 | Ossuary  | HP: 11/59 [human zombie (4)]
  6385 | Ossuary  | HP: 7/59 [human zombie (1)]
  6398 | Ossuary  | HP: 7/59 [centaur zombie (1)]
  6404 | Ossuary  | Mangled by a mummy

Levels and vault maps discovered:
D:1:      dpeg_arrival_shrine, layout_basic, minmay_quantized
D:2:      layout_basic, basic_altar, st_stairs_13, grunt_ministairs_3,
          kennysheep_generic_room_16
D:3:      layout_basic, hellmonk_ecumenical_altar_inner_sanctum
D:4:      layout_basic, gammafunk_ghost_cemetery, enter_ossuary_1,
          uniq_eustachio
Ossuary:  ossuary_minmay_scorpions

Skill      XL: |  1  2  3  4  5  6  7 |
---------------+----------------------+-----
Axes           | 1 2 3 4 5 6 |  6.0
Fighting       | 1 2 3 4 |  4.0
Armour         | 1 2 |  2.2
Dodging        | |  1.7
Stealth        | |  2.1
Spellcasting   | |  1.7
Summonings     | |  3.6

Action                   |  1- 3 |  4- 6 |  7- 9 || total
-------------------------+-------+-------+-------++-------
Melee: Mace              |    89 |       |       ||    89
       Unarmed           |     4 |       |       ||     4
       Dagger            |     2 |       |       ||     2
       Punch             |     2 |     1 |     1 ||     4
       War axe           |     2 |   170 |    41 ||   213
 Cast: Summon Small Mamm |   115 |    33 |       ||   148
  Use: Scroll            |     6 |     3 |       ||     9
       Potion            |       |     4 |       ||     4
 Stab: Distracted        |     2 |       |       ||     2
Armor: Robe              |    14 |    13 |       ||    27
       Chain mail        |       |    58 |    42 ||   100
Dodge: Dodged            |    75 |    86 |    13 ||   174
Block: Other             |       |    26 |    12 ||    38
       Reflection        |       |     1 |       ||     1

Table legend:
 A = Non-vault XP
 B = Vault XP
 C = Vault XP percentage of total XP
 D = Non-vault monster count
 E = Vault monster count
 F = Vault count percentage of total count
                 A         B        C        D         E       F
            +---------+---------+-------+---------+---------+-------
      Total |     399 |     637 |  61.5 |      77 |      25 |  24.5
            +---------+---------+-------+---------+---------+-------
        D:1 |      46 |       8 |  14.8 |      23 |       4 |  14.8
        D:2 |      87 |      21 |  19.4 |      25 |       6 |  19.4
        D:3 |      34 |       0 |   0.0 |      13 |       0 |   0.0
        D:4 |     232 |       0 |   0.0 |      16 |       0 |   0.0
    Ossuary |       0 |     608 | 100.0 |       0 |      15 | 100.0
            +---------+---------+-------+---------+---------+-------
